 Dungeon Crawl Stone Soup version 0.30-a0-1176-gcdfb0321a8 (webtiles) character file.

Game seed: 1525448138835650724

72 CrazyBamboolord the Grave Robber (level 4, -1/48 HPs)
             Began as a Demonspawn Necromancer on Apr 29, 2023.
             Slain by a hobgoblin (3 damage)
             ... led by Robin
             ... on level 3 of the Dungeon on Apr 30, 2023.
             The game lasted 00:07:46 (1868 turns).

CrazyBamboolord the Grave Robber (DsNe)             Turns: 1868, Time: 00:07:47

Health: -1/48      AC: 22    Str: 14    XL:     4   Next: 7%
Magic:  1/8        EV:  2    Int: 18    God:
Gold:   77         SH:  0    Dex: 16    Spells: 4/8 levels left

rFire   . . .        q - +3 quarterstaff
rCold   . . .        (shield currently unavailable)
rNeg    . . .        a - melded +0 robe
rPois   +            (helmet currently unavailable)
rElec   .            (cloak currently unavailable)
rCorr   .            p - melded +0 pair of gloves
SInv    .            (boots currently unavailable)
Will    .....        (no amulet)
Stlth   +++          o - +6 ring of strength
HPRegen 0.28/turn    (no ring)
MPRegen 0.11/turn

%: no passive effects
@: brilliant, tree-form
A: stationary, stasis, torment immunity, boosted hp, (hooves 1), thin skeletal
structure 1
a: no special abilities


You were on level 3 of the Dungeon.
You were a tree.
You visited 1 branch of the dungeon, and saw 3 of its levels.

You collected 77 gold pieces.

Inventory:

Hand Weapons
 q - a +3 quarterstaff (weapon)
Armour
 a - a +0 robe (melded)
 h - a +4 ring mail
 p - a +0 pair of gloves (melded)
Jewellery
 o - a +6 ring of strength (left branch)
Scrolls
 d - a scroll of magic mapping
 f - a scroll of fog {unknown}
 g - a scroll of immolation {unknown}
 i - a scroll of blinking {unknown}
 k - 2 scrolls of poison {unknown}
 m - a scroll of teleportation {unknown}
Potions
 b - a potion of magic
 l - 2 potions of invisibility
 n - a potion of ambrosia {unknown}
 r - a potion of curing {unknown}


   Skills:
 * Level 1.0 Fighting
 * Level 2.0 Dodging
 + Level 1.9 Stealth
 * Level 2.8 Spellcasting
 * Level 5.2 Necromancy


You had 4 spell levels left.
You knew the following spells:

 Your Spells              Type           Power      Damage    Failure   Level
a - Necrotise             Necr           100%       1d9       1%          1
b - Vampiric Draining     Necr           32%        2d8       6%          3

Your spell library contained the following spells:

 Spells                   Type           Power      Damage    Failure   Level
 Magic Dart               Conj           12%        1d3       17%         1
 Sandblast                Erth           6%         2d5       17%         1
 Animate Dead             Necr           32%        N/A       19%         4
 Searing Ray              Conj           6%         2d4       26%         2
 Mephitic Cloud           Conj/Pois/Air  3%         N/A       45%         3
 Agony                    Necr           32%        N/A       47%         5


Dungeon Overview and Level Annotations

Branches:
Dungeon (3/15)

Altars:

Annotations:
D:3 Robin


Innate Abilities, Weirdness & Mutations

You are a tree.
Your roots penetrate the ground, keeping you stationary.
You cannot be teleported.
You are immune to unholy pain and torment.
Your maximum health is greatly increased.
Your equipment is partially melded.
((You have large cloven feet.))
You have a somewhat thin skeletal structure. (Dex +2, Stealth+)


Message History

Your goblin skeleton hits the goblin.
The goblin hits your goblin skeleton with a +0 club.
The hobgoblin hits your goblin skeleton.
The goblin hits your goblin skeleton with a +0 club!
Your goblin skeleton is destroyed!
The hobgoblin hits you but does no damage.
You hit the hobgoblin but do no damage.
The hobgoblin is heavily wounded.
The goblin hits your goblin skeleton with a +0 club.
Your goblin skeleton is destroyed!
The hobgoblin closely misses you.
You barely miss the hobgoblin.
The hobgoblin is heavily wounded.
Robin throws the goblin at you! The hobgoblin hits you. x2
The goblin barely misses you. The goblin closely misses you. x2
Unknown command.
The hobgoblin attacks as you move away! The hobgoblin closely misses you.
The goblin barely misses you. The hobgoblin attacks as you move away!
The hobgoblin hits you. Robin throws the goblin at you!
The goblin hits you with a +0 club.
You miss the goblin. Your kick misses the goblin.
The goblin is heavily wounded.
The hobgoblin hits you. The hobgoblin closely misses you.
The goblin hits you with a +0 dagger. The goblin hits you with a +0 club.
* * * LOW HITPOINT WARNING * * *
The hobgoblin hits you.
* * * LOW HITPOINT WARNING * * *
The goblin closely misses you. x2; The hobgoblin hits you.
* * * LOW HITPOINT WARNING * * *
It was a potion of brilliance.
You feel clever all of a sudden. The goblin misses you.
Robin says, "Duck!"
The hobgoblin barely misses you. The goblin completely misses you.
The hobgoblin hits you but does no damage.
It was a potion of lignification.
You turn into a tree.
Your +0 pair of gloves melds into your body.
Your +0 robe melds into your body.
Your roots penetrate the ground.
Robin throws the goblin at you! The hobgoblin hits you.
You die...

...........#.#
...........#.#
.............
...........#
.:..$.)))..#
...........#
.........gg#
.......gggg#
........gg♣######
##########gg...<#
########


You could see Robin, 3 hobgoblins and 6 goblins.

Vanquished Creatures
  2 adders (D:2)
  2 ball pythons (D:1)
  5 bats
  6 endoplasms
  3 giant cockroaches
  6 goblins
  5 hobgoblins
  2 kobolds (D:1)
  5 quokkas
  3 frilled lizards
  2 rats (D:2)
41 creatures vanquished.

Vanquished Creatures (collateral kills)
  An endoplasm (D:1)
  3 hobgoblins (D:1)
  A rat (D:1)
5 creatures vanquished.

Grand Total: 46 creatures vanquished

Notes
Turn   | Place    | Note
-------+----------+-------------------------------------------
     0 | D:1      | CrazyBamboolord the Demonspawn Necromancer began the quest
                  | for the Orb.
     0 | D:1      | Reached XP level 1. HP: 13/13 MP: 3/3
   192 | D:1      | Gained mutation: You have large cloven feet. [demonic
                  | ancestry]
   192 | D:1      | Reached XP level 2. HP: 20/20 MP: 1/5
   764 | D:1      | Found a faded altar of an unknown god.
   778 | D:1      | Got Plato's Vellum of the Crater
   837 | D:1      | Gained mutation: You have a somewhat thin skeletal
                  | structure. (Dex +2, Stealth+) [demonic ancestry]
   837 | D:1      | Reached XP level 3. HP: 25/25 MP: 3/6
   843 | D:1      | Got the Discourse on Violent Virulence
   848 | D:1      | Learned a level 3 spell: Vampiric Draining
   969 | D:1      | Reached skill level 5 in Necromancy
  1303 | D:2      | Upgraded the game from 0.30-a0-1164-ge08a67761e to
                  | 0.30-a0-1176-gcdfb0321a8
  1416 | D:2      | Reached skill level 1 in Fighting
  1856 | D:3      | Reached XP level 4. HP: 32/32 MP: 3/8
  1856 | D:3      | Noticed Robin
  1866 | D:3      | HP: 1/32 [hobgoblin (2)]
  1868 | D:3      | Slain by a hobgoblin

Illustrated notes

Levels and vault maps discovered:
D:1:      evilmike_arrival_come_back, layout_loops_ring,
          shapermc_ecumenical_altar_rom_forum, minivault_24,
          chequers_serial_rivers_micro_d
D:2:      layout_basic, grunt_ministairs_1
D:3:      layout_basic, led_sif_book, slow_altar_1, kennysheep_generic_room_6,
          uniq_sigmund, uniq_grinder, uniq_robin

Skill      XL: |  1  2  3 |
---------------+----------+-----
Necromancy     | 5 |  5.2
Fighting       | 1 |  1.0
Dodging        | 2 |  2.0
Stealth        | |  1.9
Spellcasting   | |  2.8

Action                     |  1- 3 |  4- 6 || total
---------------------------+-------+-------++-------
  Melee: Unarmed           |     3 |       ||     3
         Kick              |     1 |       ||     1
         Quarterstaff      |       |     4 ||     4
   Cast: Necrotise         |    73 |     4 ||    77
    Use: Scroll            |     6 |       ||     6
         Potion            |       |     2 ||     2
 Armour: Robe              |       |     4 ||     4
         Skin              |       |     1 ||     1
  Dodge: Dodged            |    14 |    15 ||    29

Table legend: (Time is in decaauts)
 A = Elapsed time spent in this place.
 B = Non-inter-level travel time spent in this place.
 C = Inter-level travel time spent in this place.
 D = Time resting spent in this place.
 E = Time spent auto-exploring this place.
 F = Levels seen in this place.
 G = Mean time per level.
                   A        B        C        D        E       F      G
               +--------+--------+--------+--------+--------+-----+--------+
         Total |   1867 |   1791 |     76 |     34 |   1464 |   3 |  622.3 |
       Dungeon |   1867 |   1791 |     76 |     34 |   1464 |   3 |  622.3 |
               +--------+--------+--------+--------+--------+-----+--------+

Top non-repeatable levels by time:
     D:1: 1114 daAuts
     D:2: 724 daAuts
     D:3: 28 daAuts
